 Dungeon Crawl Stone Soup version 0.22-a0-515-g75794bf (webtiles) character file.

728 pk666 the Conjurer (level 7, -2/36 HPs)
             Began as a Deep Elf Fire Elementalist on June 20, 2018.
             Was an Initiate of Vehumet.
             Slain by an ice beast (7 damage)
             ... on level 5 of the Dungeon.
             The game lasted 00:07:02 (3387 turns).

pk666 the Conjurer (Deep Elf Fire Elementalist)     Turns: 3387, Time: 00:07:02

Health: -2/36      AC:  2    Str:  5    XL:     7   Next: 44%
Magic:  9/18       EV: 13    Int: 22    God:    Vehumet [......]
Gold:   286        SH:  0    Dex: 15    Spells: 5/18 levels left

rFire    . . .     SeeInvis .   (no weapon)
rCold    . . .     Gourm    .   (no shield)
rNeg     . . .     Faith    .   a - +0 robe
rPois    .         Spirit   .   (no helmet)
rElec    .         Reflect  .   (no cloak)
rCorr    .         Harm     .   (no gloves)
MR       .....                  (no boots)
Stlth    ++........             (no amulet)
HPRegen  0.12/turn              (no ring)
MPRegen  0.16/turn              (no ring)

@: no status effects
A: no striking features
a: Renounce Religion


You were on level 5 of the Dungeon.
You worshipped Vehumet.
Vehumet was noncommittal.
You were not hungry.

You visited 2 branches of the dungeon, and saw 6 of its levels.

You collected 286 gold pieces.

Inventory:

Armour
 a - a +0 robe (worn)
Jewellery
 r - an uncursed amulet of faith
Scrolls
 e - 7 scrolls of identify {unknown}
 f - 2 scrolls of amnesia {unknown}
 g - 3 scrolls of remove curse {unknown}
 i - a scroll of noise {unknown}
 j - a scroll of fog {unknown}
 m - a scroll of random uselessness {unknown}
 n - a scroll of enchant weapon {unknown}
 o - 2 scrolls of fear {unknown}
 s - 3 scrolls of enchant armour {unknown}
Potions
 d - 2 potions of flight {unknown}
 h - 2 potions of curing {unknown}
 k - a potion of lignification {unknown}
 l - 2 potions of haste {unknown}
 p - 2 potions of invisibility {unknown}
 q - a potion of brilliance {unknown}
 t - 2 potions of ambrosia {unknown}
Comestibles
 c - 9 rations


   Skills:
 - Level 2.4 Dodging
 - Level 2.4 Stealth
 + Level 6.1 Spellcasting
 * Level 6.4 Conjurations
 + Level 5.5 Fire Magic


You had 5 spell levels left.
You knew the following spells:

 Your Spells              Type           Power        Failure   Level  Hunger
a - Flame Tongue          Conj/Fire      ####.        1%          1    None
b - Sticky Flame          Conj/Fire      ####....     8%          4    ###....
c - Conjure Flame         Conj/Fire      ####....     2%          3    #......
z - Fireball              Conj/Fire      ####......   22%         5    #####..

Your spell library contained the following spells:

 Spells                   Type           Power        Failure   Level  Hunger
 Throw Flame              Conj/Fire      ####..       1%          2    None
 Inner Flame              Hex/Fire       ###.....     9%          3    #......


Dungeon Overview and Level Annotations

Branches:
Dungeon (5/15)             Temple (1/1) D:4

Altars:
Ashenzari
Cheibriados
Elyvilon
Fedhas
Gozag
Hepliaklqana
Makhleb
Nemelex Xobeh
Okawaru
Qazlal
Sif Muna
Trog
Uskayaw
Vehumet
Wu Jian
Zin
The Shining One


Message History

The ice beast is severely wounded.
The ice beast barely misses you.
Casting: Flame Tongue (safe; 1% risk of failure)
Confirm with . or Enter, or press ? or * to list all spells.
Aiming: Flame Tongue (safe; 1% risk of failure)
Press: ? - help, Shift-Dir - straight line, f/p - ice beast
Aim: an ice beast (severely wounded)
The flame tongue hits the ice beast.
The ice beast melts!
The ice beast is almost dead.
The ice beast hits you. The ice beast freezes you!
* * * LOW HITPOINT WARNING * * *
Casting: Flame Tongue (safe; 1% risk of failure)
Confirm with . or Enter, or press ? or * to list all spells.
Aiming: Flame Tongue (safe; 1% risk of failure)
Press: ? - help, Shift-Dir - straight line, f/p - ice beast
Aim: an ice beast (almost dead)
The flame tongue misses the ice beast.
The ice beast hits you.
* * * LOW HITPOINT WARNING * * *
The ice beast freezes you!
You die...

##... .........##
#....###.........#
.................+
.................#
#.#.##.#.......#
#.##.....##
#.###...## #.#
##'## #@# #.#
......Y.# #.##
.##.##### ##..##
####....##
..........########
###...†...........
#.......<.#####
##.......##
##.....##


You could see an ice beast.

Vanquished Creatures
  An ogre (D:4)
  A water moccasin skeleton (D:4)
  A scorpion (D:4)
  4 wights (D:4)
  2 hounds
  A centaur skeleton (D:4)
  An orc priest (D:2)
  An iguana (D:4)
  3 orc wizards (D:3)
  A worker ant (D:4)
  A hound skeleton (D:4)
  6 adders
  An ooze (D:4)
  An adder skeleton (D:4)
  3 worms
  3 dart slugs
  2 leopard geckos
  6 orcs
  A ball python (D:3)
  A bat (D:1)
  6 giant cockroaches
  6 goblins
  5 hobgoblins
  A jackal (D:4)
  A quokka (D:4)
  2 frilled lizards
  2 kobolds (D:1)
  A quokka skeleton (D:4)
  3 rats
68 creatures vanquished.

Notes
Turn   | Place    | Note
-------+----------+-------------------------------------------
     0 | D:1      | pk666 the Deep Elf Fire Elementalist began the quest for the Orb.
     0 | D:1      | Reached XP level 1. HP: 10/10 MP: 6/6
   129 | D:1      | Reached XP level 2. HP: 15/15 MP: 0/8
   736 | D:2      | Reached XP level 3. HP: 19/19 MP: 3/10
   984 | D:2      | Reached XP level 4. HP: 24/24 MP: 7/11
  1020 | D:2      | Learned a level 4 spell: Sticky Flame
  1024 | D:2      | Learned a level 3 spell: Conjure Flame
  1835 | D:3      | Found a burning altar of Makhleb.
  1837 | D:3      | Reached XP level 5. HP: 28/28 MP: 10/13
  2274 | D:4      | Learned a level 5 spell: Fireball
  2419 | D:4      | Reached skill level 5 in Spellcasting
  2419 | D:4      | Reached XP level 6. HP: 18/32 MP: 6/15
  2599 | D:4      | Reached skill level 5 in Conjurations
  2788 | D:4      | Reached skill level 5 in Fire Magic
  2859 | D:4      | Found an opulent altar of Gozag.
  2915 | D:4      | Reached XP level 7. HP: 36/36 MP: 3/17
  3195 | D:4      | Found a staircase to the Ecumenical Temple.
  3209 | Temple   | Entered the Ecumenical Temple
  3234 | Temple   | Became a worshipper of Vehumet
  3357 | D:5      | Entered Level 5 of the Dungeon
  3387 | D:5      | Slain by an ice beast

Vault maps used:
D:1:      mrwooster_arrival_statue
D:3:      first_ration, minmay_misc_feat_tower, makhleb_blood_cavern_becter
D:4:      grunt_gozag_breadcrumbs, minmay_temple_entry_grid, nzn_random_ring
D:5:      evilmike_ruin_ashenzari
Temple:   grunt_wide_crystal_templ

Skill      XL: |  1  2  3  4  5  6  7 |
---------------+----------------------+-----
Conjurations   | 2 3 4 5 6 |  6.4
Spellcasting   | 4 5 6 |  6.1
Fire Magic     | 4 5 |  5.5
Dodging        | |  2.4
Stealth        | |  2.4

Action                   |  1- 3 |  4- 6 |  7- 9 || total
-------------------------+-------+-------+-------++-------
 Cast: Flame Tongue      |    41 |    95 |    30 ||   166
       Sticky Flame      |       |     2 |       ||     2
       Conjure Flame     |       |     1 |     2 ||     3
  Eat: Chunk             |       |     6 |     2 ||     8
Armor: Robe              |     1 |     2 |       ||     3
Dodge: Dodged            |     4 |    21 |     4 ||    29

Table legend:
 A = Spawn XP
 B = Non-spawn XP
 C = Spawn XP percentage of total XP
 D = Spawn monster count
 E = Non-spawn monster count
 F = Spawn count percentage of total count
 G = Total turns spent on level
                    A         B        C        D         E        F      G
               +---------+---------+-------+---------+---------+-------+---------
         Total |       0 |    1040 |   0.0 |       0 |      68 |   0.0 |  3387
               +---------+---------+-------+---------+---------+-------+---------
           D:1 |       0 |      20 |   0.0 |       0 |      11 |   0.0 |   499
           D:2 |       0 |     109 |   0.0 |       0 |      17 |   0.0 |   883
           D:3 |       0 |     213 |   0.0 |       0 |      14 |   0.0 |   812
           D:4 |       0 |     696 |   0.0 |       0 |      25 |   0.0 |  1124
           D:5 |       0 |       2 |   0.0 |       0 |       1 |   0.0 |    30
               +---------+---------+-------+---------+---------+-------+---------
